 Dungeon Crawl Stone Soup version 0.31-a0-174-g85c54bcb58 (webtiles) character file.

Game seed: 15022975771977298068

4414 qw the Cleaver (level 10, -4/64 HPs)
             Began as a Gargoyle Fighter on June 15, 2023.
             Was a Believer of Okawaru.
             Engulfed by a steam dragon's steam (9 damage)
             ... on level 8 of the Dungeon.
             The game lasted 00:03:23 (7214 turns).

qw the Cleaver (Gargoyle Fighter)                   Turns: 7214, Time: 00:03:24

Health: -4/64      AC: 25    Str: 21 (23) XL:     10   Next: 36%
Magic:  12/13      EV: 13    Int:  9 (10) God:    Okawaru [**....]
Gold:   485        SH:  5    Dex:  8 (9)  Spells: 9/9 levels left

rFire   . . .        n - +2 war axe (spect)
rCold   . . .        c - +0 buckler
rNeg    + + .        j - +0 plate armour
rPois   inf          (no helmet)
rElec   +            h - +0 cloak
rCorr   .            (no gloves)
SInv    .            t - +0 pair of boots
Will    .....        (no amulet) Stlth
                     q - +5 ring of evasion
HPRegen 0.30/turn    b - ring of positive energy
MPRegen 0.13/turn

%: no passive effects
@: heroic
A: sickness immunity, AC +7, negative energy resistance 1, electricity
resistance, torment resistance 1, petrification resistance
a: Renounce Religion, Heroism


You were on level 8 of the Dungeon.
You worshipped Okawaru.
Okawaru was pleased with you.
You visited 2 branches of the dungeon, and saw 9 of its levels.

You collected 485 gold pieces.


Innate Abilities, Weirdness & Mutations

You are immune to sickness and miasma.
Your stone body is resilient. (AC +7)
You are immune to poison.
You resist negative energy. (rN+)
You are resistant to electric shocks. (rElec)
You are resistant to unholy torment.
You are immune to petrification.


   Skills:
 + Level 7.7(12.7) Fighting
 - Level 10.0(15.0) Axes
 - Level 1.8(6.8) Throwing
 - Level 7.1(12.1) Armour
 - Level 1.0(6.0) Dodging
 - Level 4.0(9.0) Shields
 - Level 4.7 Invocations


You had 9 spell levels left.
You didn't know any spells.
Your spell library was empty.

Inventory:

Hand Weapons
 l - a +2 flail of protection
 n - a +2 spectral war axe (weapon)
Armour
 c - a +0 buckler (worn)
 h - a +0 cloak (worn)
 j - a +0 plate armour (worn)
 t - a +0 pair of boots (worn)
Jewellery
 b - a ring of positive energy (right hand)
 q - a +5 ring of evasion (left hand)
Scrolls
 k - a scroll of identify
Potions
 a - a potion of cancellation
 d - 2 potions of might
 e - a potion of haste
 f - a potion of curing
 i - 4 potions of resistance
 m - 2 potions of mutation
 p - a potion of attraction {unknown}

Dungeon Overview and Level Annotations

Branches:
Dungeon (8/15)             Temple (1/1) D:4
   Lair: D:8-11

Altars:
Ashenzari
Cheibriados
Dithmenos
Elyvilon
Fedhas
Gozag
Hepliaklqana
Kikubaaqudgha
Makhleb
Nemelex Xobeh
Okawaru
Qazlal
Sif Muna
Trog
Uskayaw
Wu Jian
Xom
Yredelemnul
Zin
The Shining One

Shops:
D:5 *

Annotations:
D:3 1 runed translucent door, Crazy Yiuf
D:6 1 runed translucent door


Message History

Your Armour skill increases to level 7!
7200 ||| INVOKING Heroism.
You gain the combat prowess of a mighty hero.
The steam dragon hisses angrily.
The killer bee closely misses you. The killer bee stings you.
You miss the killer bee.
Your +2 spectral war axe hits the killer bee!!
You kill the killer bee!
Okawaru accepts your kill.
Your +2 spectral war axe disappears.
The steam dragon breathes steam at you. The ball of steam hits you!
You see here a killer bee corpse.
7203 ||| Stepping ~*~*~tactically~*~*~ (cloud).
You start resting.
You're standing in a cloud of steam!
7205 ||| Stepping ~*~*~tactically~*~*~ (cloud).
7206 ||| Stepping ~*~*~tactically~*~*~ (hiding).
You start resting.
A steam dragon is nearby!
You slash the steam dragon!
The steam dragon is heavily wounded.
You completely miss the steam dragon.
The steam dragon is heavily wounded.
The steam dragon breathes steam at you. The ball of steam hits you!!
You slash the steam dragon!
The steam dragon is almost dead.
You are engulfed in a cloud of scalding steam.
The steam dragon bites you but does no damage.
The steam dragon claws you but does no damage.
You barely miss the steam dragon.
The steam dragon is almost dead.
You are engulfed in a cloud of scalding steam.
The steam dragon closely misses you.
The steam dragon claws you but does no damage.
You completely miss the steam dragon.
The steam dragon is almost dead.
You are engulfed in a cloud of scalding steam.
You die...

#......<.# ..#
##.......# ##..#
## #.......##
#...# #..
###...#..#
#...##..# #####..#
#¤..#..#
#..###¤.¤..#
########¤¤.##.¤D¤#
........¤.¤##%%#
###.....¤.@#.¤##
#########D.## #..#
##.# #.# #.# #..
#.. ...


You could see a steam dragon (catching breath).

Vanquished Creatures
  Pikel (D:7)
  Maggie (D:7)
  Grinder (D:5)
  Prince Ribbit (D:6)
  Sigmund (D:4)
  Duvessa (D:7)
  Pargi (D:3)
  An orc warrior (D:4)
  4 black bears
  2 ice beasts
  3 ogres
  A centaur (D:5)
  2 lemures (D:7)
  3 phantoms
  2 scorpions
  13 killer bees
  Dowan (D:7)
  A howler monkey (D:6)
  4 hounds
  A human zombie (D:6)
  A jelly (D:7)
  5 orc priests
  2 gnoll boudas
  Ijyb (D:3)
  A human skeleton (D:6)
  2 sleepcaps
  3 iguanas
  4 orc wizards (D:4)
  15 gnolls
  5 adders
  A shadow imp (D:7)
  3 ufetubi
  A worm (D:2)
  26 orcs
  5 endoplasms
  6 giant cockroaches
  7 goblins
  5 hobgoblins
  3 jackals (D:2)
  10 kobolds
  3 quokkas
  5 ball pythons
  3 bats
  5 frilled lizards
  4 rats
171 creatures vanquished.

Notes
Turn   | Place    | Note
-------+----------+-------------------------------------------
     0 | D:1      | qw the Gargoyle Fighter began the quest for the Orb.
     0 | D:1      | Reached XP level 1. HP: 14/14 MP: 1/1
     0 | D:1      | 0 ||| qw: Version: 0.2-a-29-g511e9b1
     0 | D:1      | 0 ||| qw: Game counter: 5251
     0 | D:1      | 0 ||| qw: Always use a shield: true
     0 | D:1      | 0 ||| qw: God list: Okawaru
     0 | D:1      | 0 ||| qw: Allow faded altars: false
     0 | D:1      | 0 ||| qw: Do Orc after D:15 true
     0 | D:1      | 0 ||| qw: Do second Lair branch before Depths: true
     0 | D:1      | 0 ||| qw: Lair rune preference: random
     0 | D:1      | 0 ||| qw: Plans: Normal, Zot:1-4, Slime:5, God:TSO, Crypt,
                  | Tomb, Abyss, Pan, Hells, Win
     0 | D:1      | 0 ||| PLANNING D:1-11
   126 | D:1      | Reached skill level 2 in Axes
   154 | D:1      | 154 ||| Stepping ~*~*~tactically~*~*~ (stealth).
   157 | D:1      | 157 ||| Stepping ~*~*~tactically~*~*~ (stealth).
   166 | D:1      | Reached XP level 2. HP: 19/19 MP: 2/2
   809 | D:1      | 809 ||| READING scroll labelled SAEXTU WAEFUEP.
   810 | D:1      | 810 ||| READING scroll labelled MOOCAU QAC IGG.
   811 | D:1      | 811 ||| READING scroll labelled SAERUUFULA.
   812 | D:1      | 812 ||| DROPPING +4 hand axe of holy wrath.
   813 | D:1      | 813 ||| READING 2 scrolls labelled BOCOBE XIPHOKHU.
   886 | D:2      | Reached skill level 3 in Axes
   886 | D:2      | Reached XP level 3. HP: 23/23 MP: 3/3
   967 | D:2      | 967 ||| Stepping ~*~*~tactically~*~*~ (stealth).
  1263 | D:2      | 1263 ||| READING scroll labelled KERGHE QAMAAFUNG.
  1264 | D:2      | 1264 ||| READING scroll labelled VUNGUWEMAWN.
  1265 | D:2      | 1265 ||| DRINKING 2 blue potions.
  1266 | D:2      | 1266 ||| READING 3 scrolls of identify.
  1266 | D:2      | 1266 ||| IDENTIFYING ruby potion
  1267 | D:2      | 1267 ||| READING 2 scrolls of identify.
  1267 | D:2      | 1267 ||| IDENTIFYING red potion
  1340 | D:3      | 1340 ||| Stepping ~*~*~tactically~*~*~ (hiding).
  1479 | D:3      | 1479 ||| Stepping ~*~*~tactically~*~*~ (stealth).
  1487 | D:3      | Reached XP level 4. HP: 28/28 MP: 4/4
  1512 | D:3      | 1512 ||| Stepping ~*~*~tactically~*~*~ (hiding).
  1680 | D:3      | Reached skill level 4 in Axes
  1686 | D:3      | 1686 ||| DROPPING +0 club.
  1807 | D:3      | Found a runed translucent door.
  1808 | D:3      | Noticed Crazy Yiuf
  1874 | D:3      | Noticed Ijyb
  1879 | D:3      | HP: 7/28 [constriction (4)]
  1880 | D:3      | 1880 ||| DRINKING potion of heal wounds.
  1886 | D:3      | Killed Ijyb
  1922 | D:3      | 1922 ||| Stepping ~*~*~tactically~*~*~ (stealth).
  2096 | D:3      | Noticed Pargi
  2103 | D:3      | Killed Pargi
  2104 | D:3      | Reached skill level 5 in Axes
  2104 | D:3      | Reached XP level 5. HP: 27/32 MP: 5/5
  2425 | D:3      | 2425 ||| UPGRADING to +0 chain mail.
  2435 | D:3      | 2435 ||| DROPPING +0 scale mail.
  2436 | D:3      | 2436 ||| DROPPING +1 leather armour of fire resistance.
  2437 | D:3      | 2437 ||| READING scroll labelled AVVOUJAGHI.
  2438 | D:3      | 2438 ||| DRINKING 2 lumpy green potions.
  2439 | D:3      | 2439 ||| READING 2 scrolls of identify.
  2439 | D:3      | 2439 ||| IDENTIFYING brown potion
  2440 | D:3      | 2440 ||| DROPPING potion of invisibility.
  2518 | D:4      | 2518 ||| Stepping ~*~*~tactically~*~*~ (stealth).
  2525 | D:4      | Reached XP level 6. HP: 38/38 MP: 6/6
  2656 | D:4      | Reached skill level 6 in Axes
  2664 | D:4      | Reached skill level 1 in Dodging
  2678 | D:4      | Reached XP level 7. HP: 14/43 MP: 7/7
  2844 | D:4      | Found a staircase to the Ecumenical Temple.
  2845 | D:4      | 2845 ||| PLANNING TEMPLE
  2845 | D:4      | 2845 ||| READING 2 scrolls of identify.
  2845 | D:4      | 2845 ||| IDENTIFYING purple potion
  2851 | Temple   | Entered the Ecumenical Temple
  2852 | Temple   | 2852 ||| PLANNING OKAWARU WORSHIP
  2912 | Temple   | Became a worshipper of Warmaster Okawaru
  2913 | Temple   | 2913 ||| PLANNING D:1-11
  2963 | D:4      | 2963 ||| Stepping ~*~*~tactically~*~*~ (hiding).
  2966 | D:4      | 2966 ||| Stepping ~*~*~tactically~*~*~ (hiding).
  3146 | D:4      | 3146 ||| Stepping ~*~*~tactically~*~*~ (hiding).
  3161 | D:4      | Reached skill level 1 in Throwing
  3217 | D:4      | 3217 ||| Stepping ~*~*~tactically~*~*~ (stealth).
  3219 | D:4      | 3219 ||| Stepping ~*~*~tactically~*~*~ (hiding).
  3229 | D:4      | Reached skill level 7 in Axes
  3328 | D:4      | 3328 ||| FLEEEEING.
  3329 | D:4      | 3329 ||| FLEEEEING.
  3330 | D:4      | 3330 ||| FLEEEEING.
  3331 | D:4      | 3331 ||| FLEEEEING.
  3333 | D:4      | 3333 ||| FLEEEEING.
  3334 | D:4      | 3334 ||| FLEEEEING.
  3335 | D:4      | 3335 ||| FLEEEEING.
  3336 | D:4      | 3336 ||| FLEEEEING.
  3337 | D:4      | 3337 ||| FLEEEEING.
  3338 | D:4      | 3338 ||| FLEEEEING.
  3339 | D:4      | 3339 ||| FLEEEEING.
  3342 | D:4      | 3342 ||| FLEEEEING.
  3343 | D:4      | 3343 ||| FLEEEEING.
  3344 | D:4      | 3344 ||| FLEEEEING.
  3346 | D:4      | 3346 ||| FLEEEEING.
  3347 | D:4      | 3347 ||| FLEEEEING.
  3349 | D:4      | 3349 ||| FLEEEEING.
  3350 | D:4      | 3350 ||| FLEEEEING.
  3351 | D:4      | 3351 ||| FLEEEEING.
  3352 | D:4      | 3352 ||| FLEEEEING.
  3353 | D:4      | 3353 ||| FLEEEEING.
  3354 | D:4      | 3354 ||| FLEEEEING.
  3355 | D:4      | 3355 ||| STAIRDANCE
  3384 | D:3      | 3384 ||| DROPPING +0 mace.
  3453 | D:3      | 3453 ||| UPGRADING to +0 plate armour.
  3463 | D:3      | 3463 ||| DROPPING +0 chain mail.
  3464 | D:3      | 3464 ||| READING scroll labelled ZUPTUI EPHUFUICW.
  3649 | D:4      | Noticed Sigmund
  3651 | D:4      | 3651 ||| DRINKING potion of curing.
  3651 | D:4      | 3651 ||| (to cure confusion)
  3666 | D:4      | Killed Sigmund
  3666 | D:4      | Reached * piety under Okawaru
  3667 | D:4      | Reached XP level 8. HP: 44/51 MP: 8/8
  3724 | D:4      | 3724 ||| Stepping ~*~*~tactically~*~*~ (stealth).
  3725 | D:4      | 3725 ||| Stepping ~*~*~tactically~*~*~ (stealth).
  3726 | D:4      | 3726 ||| INVOKING Heroism.
  3733 | D:4      | Reached skill level 1 in Invocations
  3751 | D:4      | 3751 ||| Stepping ~*~*~tactically~*~*~ (stealth).
  3775 | D:4      | 3775 ||| READING scroll of brand weapon.
  3775 | D:4      | 3775 ||| BRANDING +1 war axe of venom.
  3844 | D:4      | 3844 ||| DROPPING +0 flail.
  3927 | D:5      | Entered Level 5 of the Dungeon
  3959 | D:5      | Found a blossoming altar of Fedhas.
  3962 | D:5      | Found a stormy altar of Qazlal.
  3973 | D:5      | 3973 ||| Stepping ~*~*~tactically~*~*~ (stealth).
  3974 | D:5      | 3974 ||| INVOKING Heroism.
  4007 | D:5      | Found a broken altar of Ashenzari.
  4101 | D:5      | 4101 ||| INVOKING Heroism.
  4231 | D:5      | Reached skill level 3 in Invocations
  4713 | D:5      | Noticed Grinder
  4714 | D:5      | 4714 ||| INVOKING Heroism.
  4717 | D:5      | Killed Grinder
  4791 | D:5      | Found Kanos's Serpentskin Sales.
  4938 | D:5      | 4938 ||| INVOKING Heroism.
  4943 | D:5      | Reached skill level 8 in Axes
  4943 | D:5      | Reached XP level 9. HP: 55/55 MP: 9/12
  5199 | D:5      | Found a bloodstained altar of Trog.
  5216 | D:5      | 5216 ||| UPGRADING to +5 ring of evasion.
  5217 | D:5      | 5217 ||| READING 2 scrolls labelled TADWETUGUE.
  5218 | D:5      | 5218 ||| DRINKING 2 viscous ruby potions.
  5219 | D:5      | 5219 ||| READING 2 scrolls of identify.
  5219 | D:5      | 5219 ||| IDENTIFYING yellow potion
  5220 | D:5      | 5220 ||| DROPPING potion of berserk rage.
  5221 | D:5      | 5221 ||| DROPPING potion of enlightenment.
  5222 | D:5      | 5222 ||| DROPPING scroll of vulnerability.
  5316 | D:6      | Found the +8 longbow "Zephyr" {speed, Dex+3 SInv}
  5317 | D:6      | 5317 ||| READING scroll labelled ALIQIXK NEIGH.
  5319 | D:6      | Noticed Prince Ribbit
  5322 | D:6      | 5322 ||| INVOKING Heroism.
  5327 | D:6      | Reached skill level 6 in Fighting
  5333 | D:6      | Killed Prince Ribbit
  5336 | D:6      | Reached ** piety under Okawaru
  5394 | D:6      | Reached skill level 9 in Axes
  5472 | D:6      | 5472 ||| INVOKING Heroism.
  5709 | D:6      | 5709 ||| Stepping ~*~*~tactically~*~*~ (stealth).
  5710 | D:6      | 5710 ||| INVOKING Heroism.
  5721 | D:6      | 5721 ||| Stepping ~*~*~tactically~*~*~ (stealth).
  5726 | D:6      | 5726 ||| Stepping ~*~*~tactically~*~*~ (stealth).
  5727 | D:6      | 5727 ||| Stepping ~*~*~tactically~*~*~ (stealth).
  5728 | D:6      | 5728 ||| Stepping ~*~*~tactically~*~*~ (stealth).
  5834 | D:6      | Found a runed translucent door.
  5842 | D:6      | Found a basalt altar of Yredelemnul.
  5872 | D:6      | Found a glowing silver altar of Zin.
  6236 | D:6      | 6236 ||| UPGRADING to ring of positive energy.
  6237 | D:6      | 6237 ||| DRINKING 2 coppery potions.
  6298 | D:7      | Noticed Maggie
  6306 | D:7      | Killed Maggie
  6342 | D:7      | 6342 ||| Stepping ~*~*~tactically~*~*~ (stealth).
  6344 | D:7      | 6344 ||| Stepping ~*~*~tactically~*~*~ (stealth).
  6347 | D:7      | 6347 ||| Stepping ~*~*~tactically~*~*~ (stealth).
  6363 | D:7      | 6363 ||| Stepping ~*~*~tactically~*~*~ (stealth).
  6437 | D:7      | Noticed Pikel
  6438 | D:7      | 6438 ||| INVOKING Heroism.
  6440 | D:7      | Reached XP level 10. HP: 63/63 MP: 10/13
  6443 | D:7      | Reached skill level 10 in Axes
  6448 | D:7      | Killed Pikel
  6449 | D:7      | Reached skill level 6 in Armour
  6513 | D:7      | Found a shimmering altar of Xom.
  6557 | D:7      | Found a flagged portal.
  6637 | D:7      | 6637 ||| INVOKING Heroism.
  6662 | D:7      | 6662 ||| READING scroll of enchant weapon.
  6662 | D:7      | 6662 ||| ENCHANTING +1 spectral war axe.
  6663 | D:7      | 6663 ||| DROPPING +2 war axe of distortion.
  6832 | D:7      | Noticed Duvessa
  6832 | D:7      | Noticed Dowan
  6833 | D:7      | 6833 ||| Stepping ~*~*~tactically~*~*~ (hiding).
  6837 | D:7      | 6837 ||| INVOKING Heroism.
  6842 | D:7      | Killed Duvessa
  6842 | D:7      | Killed Dowan
  6860 | D:7      | Found a burning altar of Makhleb.
  7037 | D:7      | 7037 ||| UPGRADING to +0 cloak.
  7042 | D:7      | 7042 ||| UPGRADING to +0 pair of boots.
  7047 | D:7      | 7047 ||| READING 3 scrolls labelled DOBOBYHALUF.
  7048 | D:7      | 7048 ||| READING scroll labelled KIF ODOXOYNN.
  7049 | D:7      | 7049 ||| DRINKING 3 clear potions.
  7050 | D:7      | 7050 ||| READING 2 scrolls of identify.
  7050 | D:7      | 7050 ||| IDENTIFYING emerald potion
  7051 | D:7      | 7051 ||| DROPPING 2 potions of degeneration.
  7052 | D:7      | 7052 ||| DROPPING potion of brilliance.
  7053 | D:7      | 7053 ||| DROPPING 2 scrolls of fear.
  7200 | D:8      | 7200 ||| INVOKING Heroism.
  7203 | D:8      | 7203 ||| Stepping ~*~*~tactically~*~*~ (cloud).
  7205 | D:8      | 7205 ||| Stepping ~*~*~tactically~*~*~ (cloud).
  7206 | D:8      | 7206 ||| Stepping ~*~*~tactically~*~*~ (hiding).
  7211 | D:8      | HP: 5/64 [steam dragon/ball of steam (23)]
  7214 | D:8      | Engulfed by a steam dragon's steam

Levels and vault maps discovered:
D:1:      lordsloth_arrival_two_stooges, layout_loops_corners
D:2:      layout_basic
D:3:      layout_loops_corners, kennysheep_pointless_box, minmay_unequal,
          uniq_pargi, uniq_crazy_yiuf_cottage, uniq_ijyb
D:4:      minmay_bubble_buster, layout_loops_cross, minmay_temple_entry_hall,
          guppyfry_early_orc_mine, uniq_sigmund
D:5:      layout_layer_cave, grunt_temple_overflow_forces_of_nature,
          mainiacjoe_overflow_alcove_4, kennysheep_mini, guppyfry_shop_venom,
          uniq_grinder
D:6:      layout_loops_corners, dk_yredelemnul_ordeal, zin_statuary,
          minmay_checkerbox, uniq_prince_ribbit1
D:7:      layout_basic, lemuel_round_altar, mainiacjoe_overflow_alcove_2,
          enter_bailey_8, uniq_pikel, uniq_maggie, uniq_duvessa
D:8:      layout_cave_pods, fiery_altar_vehumet, minmay_misc_feat_ornament
Temple:   nicolae_temple_x_marks_the_god

Skill      XL: |  1  2  3  4  5  6  7  8  9 10 |
---------------+-------------------------------+-----
Axes           | 2 3 5 6 7 8 9 10 | 10.0
Fighting       | 4 5 7 |  7.7
Dodging        | 1 |  1.0
Throwing       | 1 |  1.8
Invocations    | 4 |  4.7
Armour         | 4 5 7 |  7.1
Shields        | 4 |  4.0

Action                     |  1- 3 |  4- 6 |  7- 9 | 10-12 || total
---------------------------+-------+-------+-------+-------++-------
  Melee: War axe           |    83 |   127 |   207 |    39 ||   456
  Throw: Boomerang         |       |       |    48 |       ||    48
 Invoke: Heroism           |       |       |     9 |     3 ||    12
    Use: Scroll            |     8 |     2 |     6 |     4 ||    20
         Potion            |     1 |     2 |     3 |     1 ||     7
   Stab: Distracted        |       |       |     2 |       ||     2
 Armour: Scale mail        |    37 |    30 |       |       ||    67
         Chain mail        |       |    53 |    45 |       ||    98
         Plate armour      |       |       |    71 |    17 ||    88
  Dodge: Dodged            |    31 |    43 |    65 |    18 ||   157
  Block: Buckler           |    22 |    15 |    31 |     4 ||    72

Table legend:
 A = Non-vault XP
 B = Vault XP
 C = Vault XP percentage of total XP
 D = Non-vault monster count
 E = Vault monster count
 F = Vault count percentage of total count
                 A         B        C        D         E       F
            +---------+---------+-------+---------+---------+-------
      Total |    3207 |    3100 |  49.2 |     133 |      36 |  21.3
            +---------+---------+-------+---------+---------+-------
        D:1 |      19 |       0 |   0.0 |      14 |       0 |   0.0
        D:2 |      45 |       0 |   0.0 |      19 |       0 |   0.0
        D:3 |      45 |     187 |  80.6 |      15 |       7 |  31.8
        D:4 |     587 |     631 |  51.8 |      38 |      17 |  30.9
        D:5 |     693 |     295 |  29.9 |      12 |       1 |   7.7
        D:6 |     776 |     734 |  48.6 |      14 |       7 |  33.3
        D:7 |     673 |    1253 |  65.1 |      15 |       4 |  21.1
        D:8 |     369 |       0 |   0.0 |       6 |       0 |   0.0
            +---------+---------+-------+---------+---------+-------
